 Dungeon Crawl Stone Soup version 0.21-a0-513-gdcb3f5e (webtiles) character file.

828 Gerstahl the Slasher (level 7, 0/77 HPs)
             Began as a Naga Gladiator on Dec 1, 2017.
             Was an Initiate of Okawaru.
             Shot with an arrow by a centaur (11 damage)
             ... on level 5 of the Dungeon.
             The game lasted 00:12:13 (6922 turns).

Gerstahl the Slasher (Naga Gladiator)               Turns: 6922, Time: 00:12:15

Health: 0/77       AC:  4    Str: 16    XL:     7   Next: 97%
Magic:  7/7        EV: 10    Int:  8    God:    Okawaru [......]
Gold:   150        SH:  0    Dex: 15    Spells: 6/6 levels left

rFire    + + .     SeeInvis +   a - +0 long sword
rCold    x . .     Gourm    .   (no shield)
rNeg     . . .     Faith    .   b - +0 leather armour
rPois    +         Spirit   .   c - +0 helmet
rElec    .         Reflect  .   (no cloak)
rCorr    .         Harm     .   (no gloves)
MR       .....                  (no barding)
Stlth    +.........             (no amulet)
HPRegen  0.22/turn              q - ring of flight
MPRegen  0.10/turn              t - ring of fire

@: very slow
A: large, see invisible, deformed body, fire resistance 1, poison resistance,
robust 1, slowness 2, slow metabolism 1, spit poison 1, AC +2
a: Spit Poison, Renounce Religion, Evoke Flight


You were on level 5 of the Dungeon.
You worshipped Okawaru.
Okawaru was noncommittal.
You were hungry.

You visited 2 branches of the dungeon, and saw 6 of its levels.

You collected 150 gold pieces.

Inventory:

Hand Weapons
 a - a +0 long sword (weapon)
Armour
 b - a +0 leather armour (worn)
 c - a +0 helmet (worn)
 e - a -2 robe
Jewellery
 o - an uncursed ring of magical power {unknown}
 q - a ring of flight (left hand)
 t - a ring of fire (right hand)
Wands
 n - a wand of digging (17)
Scrolls
 h - a scroll of random uselessness {unknown}
 j - a scroll of remove curse
 k - a scroll of immolation
 l - a scroll of identify {unknown}
 m - a scroll of enchant weapon {unknown}
 r - a scroll of teleportation {unknown}
Potions
 p - a potion of cancellation
Comestibles
 d - a meat ration
 f - 6 bread rations
 g - 2 royal jellies


   Skills:
 + Level 6.4 Fighting
 + Level 6.8 Long Blades
 - Level 1.7 Throwing
 - Level 2.4 Dodging


You had 6 spell levels left.
You didn't know any spells.

Dungeon Overview and Level Annotations

Branches:
Dungeon (5/15)             Temple (1/1) D:4

Altars:
Ashenzari
Cheibriados
Dithmenos
Elyvilon
Fedhas
Hepliaklqana
Kikubaaqudgha
Makhleb
Nemelex Xobeh
Okawaru
Qazlal
Trog
Vehumet
Xom
Yredelemnul
The Shining One

Shops:
D:4 *

Annotations:
D:5 Gerstahl's ghost, novice NaGl
Temple Eustachio


Innate Abilities, Weirdness & Mutations

You cannot wear boots.
Your serpentine skin is tough. (AC +2)
You have supernaturally acute eyesight. (SInv)
Armour fits poorly on your strangely shaped body.
Your system is resistant to poisons. (rPois)
You cover ground very slowly.
You have a slow metabolism.
You can spit poison.
Your flesh is heat resistant. (rF+)
You are robust. (+10% HP)


Message History

The centaur shoots an arrow.
The arrow hits you.
The centaur shoots an arrow.
The arrow hits you!
The centaur shoots an arrow.
The arrow hits you.
You see here 3 arrows.
The centaur shoots an arrow.
The arrow barely misses you.
You see here 3 arrows.
You have got your breath back.
The centaur shoots an arrow.
The arrow barely misses you.
The centaur shoots an arrow.
The arrow hits you.
You see here 3 arrows.
The centaur shoots an arrow.
The arrow hits you!
* * * LOW HITPOINT WARNING * * *
The centaur shoots an arrow.
The arrow misses you.
The centaur shoots an arrow.
The arrow hits you.
* * * LOW HITPOINT WARNING * * *
The centaur shoots an arrow.
The arrow hits you.
* * * LOW HITPOINT WARNING * * *
You see here 2 arrows.
The centaur shoots an arrow.
The arrow hits you!
You die...

#......)...# #..........#
######### #..........#
#.......# + #..........#
#.......# .. #..........#
#.......#### ....##..........#
#.......##.' ....'...........#
#.......##.# ....##........(.#
#.......##.#
....##..c....(@>####.......##.#
##.....(#####.###.))..........#
.......(# #.###.##.........##
##.....(# #.....####.......'.
#.....(# #.....####[......##
#......# #........#......##;
#......# ##<...##.#......#≈≈
#.....c# #....# .#......#[.
......... #....# .#......#≈P


You could see a centaur.

Vanquished Creatures
  Sigmund (D:5)
  An ice beast (D:5)
  A howler monkey (D:3)
  A crimson imp (D:4)
  A centaur skeleton (D:5)
  An orc priest (D:4)
  5 orc wizards
  An iguana (D:3)
  6 worker ants
  A hound skeleton (D:4)
  4 adders
  2 oozes
  2 dart slugs (D:1)
  13 orcs
  3 giant cockroaches
  4 goblins
  9 hobgoblins
  3 jackals
  2 quokkas
  6 bats
  7 frilled lizards
  7 kobolds
  7 rats
88 creatures vanquished.

Notes
Turn   | Place    | Note
-------+----------+-------------------------------------------
     0 | D:1      | Gerstahl the Naga Gladiator began the quest for the Orb.
     0 | D:1      | Reached XP level 1. HP: 19/19 MP: 1/1
   123 | D:1      | Reached XP level 2. HP: 22/27 MP: 2/2
   785 | D:1      | Reached XP level 3. HP: 33/33 MP: 3/3
   917 | D:2      | Found a burning altar of Makhleb.
  1866 | D:3      | Found a basalt altar of Yredelemnul.
  1933 | D:3      | Reached XP level 4. HP: 6/42 MP: 4/4
  2645 | D:3      | Reached XP level 5. HP: 39/50 MP: 5/5
  3018 | D:4      | Gained mutation: You are partially covered in molten scales. (AC +2) [potion of mutation]
  3018 | D:4      | Gained mutation: Your spells are a little easier to cast, but a little less powerful. [potion of mutation]
  3018 | D:4      | Gained mutation: You are occasionally teleported next to monsters. [potion of mutation]
  3018 | D:4      | Gained mutation: You have a pair of small antennae on your head. [potion of mutation]
  3348 | D:3      | Lost mutation: Your spells are a little easier to cast, but a little less powerful. [potion of mutation]
  3348 | D:3      | Lost mutation: You are occasionally teleported next to monsters. [potion of mutation]
  3348 | D:3      | Lost mutation: You have a pair of small antennae on your head. [potion of mutation]
  3348 | D:3      | Lost mutation: You are partially covered in molten scales. (AC +2) [potion of mutation]
  3348 | D:3      | Gained mutation: Your magical capacity is low. (-10% MP) [potion of mutation]
  3348 | D:3      | Lost mutation: Your magical capacity is low. (-10% MP) [potion of mutation]
  3348 | D:3      | Gained mutation: Your tail ends in a poisonous barb. [potion of mutation]
  3349 | D:3      | Lost mutation: Your tail ends in a poisonous barb. [potion of mutation]
  3349 | D:3      | Gained mutation: Your flesh is heat resistant. (rF+) [potion of mutation]
  3349 | D:3      | Gained mutation: You are robust. (+10% HP) [potion of mutation]
  3368 | D:4      | Reached skill level 5 in Long Blades
  3656 | D:4      | Reached XP level 6. HP: 60/63 MP: 6/6
  3689 | D:4      | Found a shattered altar of Ashenzari.
  3730 | D:4      | Found a staircase to the Ecumenical Temple.
  3745 | D:4      | Noticed Eustachio
  3750 | Temple   | Entered the Ecumenical Temple
  4794 | D:4      | Found an ancient bone altar of Kikubaaqudgha.
  4825 | D:4      | Reached skill level 5 in Fighting
  5130 | D:4      | Found Pacif's General Store.
  5176 | D:4      | Found an iron altar of Okawaru.
  5205 | D:4      | Became a worshipper of Warmaster Okawaru
  5380 | D:5      | Entered Level 5 of the Dungeon
  5429 | D:5      | Noticed an ice beast
  5442 | D:5      | Reached XP level 7. HP: 37/73 MP: 7/7
  5876 | D:5      | Noticed Gerstahl's ghost (novice NaGl)
  6089 | D:5      | Noticed Sigmund
  6114 | D:5      | Killed Sigmund
  6922 | D:5      | Shot with an arrow by a centaur

Vault maps used:
D:1:      lightli_arrival_quake
D:2:      lightli_temple_of_fire
D:3:      yredelemnul_altar_generic, first_bread
D:4:      kennysheep_mini_moat, kiku_gazebo_garden_becter, lemuel_doored_altar,
          temple_fountains, serial_shops, shop, uniq_eustachio
D:5:      cheibrodos_two_vegetables, uniq_sigmund
Temple:   chequers_temple_sunken

Skill      XL: |  1  2  3  4  5  6  7 |
---------------+----------------------+-----
Fighting       | 3 4 5 6 |  6.4
Long Blades    | 4 5 6 |  6.8
Throwing       | |  1.7
Dodging        | |  2.4

Action                   |  1- 3 |  4- 6 |  7- 9 || total
-------------------------+-------+-------+-------++-------
Melee: Long sword        |    89 |   166 |    71 ||   326
Throw: Throwing net      |       |     4 |       ||     4
 Abil: Spit Poison       |     8 |    25 |    10 ||    43
  Use: Potion            |       |     8 |     1 ||     9
       Scroll            |       |     4 |       ||     4
 Stab: Sleeping          |     1 |       |       ||     1
       Held in net/web   |       |     3 |       ||     3
  Eat: Chunk             |     3 |     5 |     4 ||    12
       Bread ration      |       |     1 |       ||     1
       Fruit             |       |     1 |       ||     1
Armor: Leather armour    |    28 |    85 |    14 ||   127
Dodge: Dodged            |    58 |   152 |    42 ||   252
       Rpst.: Long sword |    15 |    51 |    12 ||    78

Table legend:
 A = Spawn XP
 B = Non-spawn XP
 C = Spawn XP percentage of total XP
 D = Spawn monster count
 E = Non-spawn monster count
 F = Spawn count percentage of total count
 G = Total turns spent on level
                    A         B        C        D         E        F      G
               +---------+---------+-------+---------+---------+-------+---------
         Total |       0 |    1184 |   0.0 |       0 |      88 |   0.0 |  6922
               +---------+---------+-------+---------+---------+-------+---------
           D:1 |       0 |      34 |   0.0 |       0 |      15 |   0.0 |   885
           D:2 |       0 |      22 |   0.0 |       0 |      14 |   0.0 |   866
           D:3 |       0 |     219 |   0.0 |       0 |      25 |   0.0 |  1990
           D:4 |       0 |     355 |   0.0 |       0 |      21 |   0.0 |  1421
           D:5 |       0 |     541 |   0.0 |       0 |      12 |   0.0 |  1132
        Temple |       0 |      13 |   0.0 |       0 |       1 |   0.0 |   628
               +---------+---------+-------+---------+---------+-------+---------
